AoeStats
← Faviid

Arena

505150884Analyzed
4v4 RM · 24d ago on Sep 8, 2026· 51m 24s· 8 players
Game mode
Random Map
Map size
Large (8 player)
Population
200
Speed
Normal
Resources
Standard
Victory
Conquest
Starting age
Dark Age
Ending age
Imperial Age
RankedLock teamsTeams togetherTeam positionsShared explorationLock speedFull tech treeHidden civsTurbo modeCheats
Victory
Defeat
🇺🇸 Dravidians · United States
874
+16
🇺🇸 Wu · United States
856
+17
🇨🇦 Goths · Canada
846
+18
🇨🇦 Bohemians · Canada
842
+18
🇩🇪 Spanish · Germany
948
-37
🇩🇪 Magyars · Germany
927
-19
🇩🇪 Persians · Germany
922
-19
🇩🇪 Bohemians · Germany
728
-11
vladimir
11:32 Feudal Age
9:56 Loom
12:53 Double-Bit Axe
13:50 Horse Collar
16:01 Wheelbarrow
18:30 Castle Age
16:41 Gold Mining
17:29 Fletching
18:07 Stone Mining
18:45 Padded Archer Armor
19:13 Elite Skirmisher
21:08 Bow Saw
21:24 Bodkin Arrow
21:42 Pikeman
22:23 Squires
25:57 Hand Cart
27:42 Thumb Ring
30:29 Leather Archer Armor
35:59 Imperial Age
33:14 Town Watch
33:52 Forging
34:07 Ballistics
33:59 Fortified Wall
33:44 Murder Holes
34:03 Masonry
34:55 Medical Corps
37:54 Two-Man Saw
36:57 Heavy Plow
37:04 Bracer
38:30 Chemistry
38:51 Conscription
40:57 Town Patrol
40:31 Heavy Scorpion
43:11 Guard Tower
43:07 Arrowslits
43:42 Bombard Tower
43:55 Ring Archer Armor
44:01 Iron Casting
45:13 Elite Elephant Archer
Ricky
9:55 Feudal Age
11:14 Wheelbarrow
11:03 Double-Bit Axe
11:18 Horse Collar
19:23 Castle Age
18:09 Stone Mining
19:25 Forging
19:15 Scale Mail Armor
21:05 Hand Cart
20:32 Man-at-Arms
21:14 Squires
21:32 Long Swordsman
22:57 Bow Saw
23:06 Heavy Plow
25:00 Gold Mining
27:57 Iron Casting
27:37 Chain Mail Armor
29:28 Chain Mail Armor
31:18 Fletching
34:31 Imperial Age
33:48 Anarchy
35:47 Crop Rotation
36:45 Two-Man Saw
35:50 Perfusion
36:30 Conscription
36:11 Pikeman
36:52 Halberdier
38:47 Blast Furnace
38:46 Elite Huskarl
41:22 Bodkin Arrow
deadeye
11:19 Feudal Age
12:35 Wheelbarrow
11:49 Double-Bit Axe
17:27 Castle Age
16:54 Horse Collar
18:44 Loom
20:49 Bow Saw
21:18 Heavy Plow
22:31 Hand Cart
26:56 Fletching
32:36 Imperial Age
31:00 Bodkin Arrow
31:06 Padded Archer Armor
32:29 Wagenburg Tactics
32:43 Caravan
34:32 Chemistry
34:29 Elite Hussite Wagon
37:15 Two-Man Saw
37:08 Conscription
38:21 Masonry
38:17 Siege Engineers
38:36 Ballistics
41:55 Elite Skirmisher
43:27 Scale Barding Armor
43:23 Bracer
43:34 Forging
43:24 Scale Mail Armor
43:40 Leather Archer Armor
46:24 Iron Casting
46:11 Chain Barding Armor
47:08 Houfnice
47:25 Pikeman
Surfer's Gambit
0:27 Loom
10:52 Feudal Age
11:38 Double-Bit Axe
11:34 Horse Collar
11:50 Gold Mining
13:03 Wheelbarrow
18:53 Castle Age
17:02 Stone Mining
17:11 Town Watch
17:32 Scale Mail Armor
18:06 Forging
19:07 Town Watch
19:48 Bow Saw
19:39 Heavy Plow
20:15 Gold Shaft Mining
19:45 Squires
22:48 Hand Cart
23:39 Iron Casting
22:58 Arson
24:25 Chain Mail Armor
27:04 Stone Shaft Mining
32:12 Treadmill Crane
32:42 Masonry
36:22 Imperial Age
37:47 Architecture
38:33 Guilds
38:26 Sitting Tiger
38:47 Conscription
40:02 Blast Furnace
39:45 Plate Mail Armor
43:37 Chemistry
42:58 Ballistics
^knowing.
5:34 Loom
10:29 Feudal Age
16:43 Castle Age
15:04 Double-Bit Axe
19:39 Wheelbarrow
21:15 Stone Mining
22:30 Scale Barding Armor
22:37 Forging
23:28 Horse Collar
27:31 Bow Saw
27:15 Gold Mining
31:40 Chain Barding Armor
31:55 Iron Casting
33:18 Hand Cart
36:35 Imperial Age
36:00 Scale Mail Armor
36:01 Padded Archer Armor
35:54 Fletching
36:36 Husbandry
37:29 Citadels
37:51 Conscription
37:01 Elite War Elephant
39:37 Blast Furnace
39:43 Gold Shaft Mining
39:44 Stone Shaft Mining
41:30 Plate Barding Armor
41:11 Leather Archer Armor
40:51 Bodkin Arrow
42:08 Scale Mail Armor
42:23 Bloodlines
41:35 Cavalier
42:51 Parthian Tactics
46:24 Ring Archer Armor
46:10 Chain Mail Armor
45:47 Savar
47:25 Caravan
eXacT
12:35 Feudal Age
17:38 Castle Age
16:07 Horse Collar
17:03 Double-Bit Axe
17:51 Fletching
18:51 Bow Saw
18:42 Heavy Plow
22:36 Treadmill Crane
26:17 Thumb Ring
26:57 Masonry
26:49 Gold Mining
26:49 Stone Mining
27:38 Padded Archer Armor
28:56 Wheelbarrow
29:30 Bodkin Arrow
35:36 Corvinian Army
35:57 Scale Barding Armor
40:41 Imperial Age
38:45 Hand Cart
38:15 Loom
38:15 Town Watch
40:16 Chain Barding Armor
39:44 Arson
40:31 Ballistics
42:26 Plate Barding Armor
42:39 Husbandry
42:49 Bloodlines
42:37 Light Cavalry
43:57 Crop Rotation
46:25 Bracer
47:30 Chemistry
Faviid
11:50 Feudal Age
17:50 Castle Age
15:42 Double-Bit Axe
16:57 Wheelbarrow
20:07 Bow Saw
19:53 Crossbowman
21:07 Horse Collar
22:41 Chemistry
22:15 Heavy Plow
24:03 Fletching
26:44 Hand Cart
26:14 Crossbowman
31:33 Ballistics
31:09 Murder Holes
31:28 Masonry
35:16 Imperial Age
32:49 Bodkin Arrow
34:16 Padded Archer Armor
38:45 Onager
41:47 Bracer
41:47 Scale Mail Armor
41:52 Scale Barding Armor
41:58 Forging
43:54 Arbalester
[RBG] | DuCtRiXx
11:43 Feudal Age
14:44 Double-Bit Axe
19:45 Castle Age
18:24 Horse Collar
18:40 Stone Mining
18:45 Gold Mining
24:12 Stone Shaft Mining
24:35 Wheelbarrow
25:20 Forging
25:11 Padded Archer Armor
28:10 Iron Casting
28:37 Heavy Plow
31:55 Hand Cart
34:47 Ballistics
37:50 Imperial Age
35:52 Bow Saw
36:20 Leather Archer Armor
36:15 Scale Barding Armor
36:09 Fletching
38:13 Loom
38:32 Elite Conquistador
Connection lost

Rejoining the realm…

Still unreachable

The connection could not be restored.

Session expired

The server has moved on; the page needs a fresh start.